AoeStats
← predatox1990

Arena

510564913Analyzed
2v2 RM · 1d ago on Oct 1, 2026· 71m 33s· 4 players
Game mode
Random Map
Map size
Medium (4 player)
Population
200
Speed
Normal
Resources
Standard
Victory
Conquest
Starting age
Dark Age
Ending age
Imperial Age
RankedLock teamsTeams togetherTeam positionsShared explorationLock speedFull tech treeHidden civsTurbo modeCheats
Victory
Defeat
🇩🇪 Romans · Germany
566
+18
🇩🇪 Bulgarians · Germany
555
+29
🇹🇼 Gurjaras · Taiwan
624
-19
🇧🇪 Wei · Belgium
606
-18
predatox1990
0:38 Loom
11:03 Feudal Age
11:30 Double-Bit Axe
11:29 Horse Collar
12:41 Gold Mining
12:45 Stone Mining
15:11 Wheelbarrow
20:21 Castle Age
21:30 Bow Saw
21:23 Heavy Plow
22:02 Stone Shaft Mining
22:15 Gold Shaft Mining
28:30 Imperial Age
26:14 Tuntian
29:50 Light Cavalry
30:41 Bloodlines
30:33 Husbandry
31:41 Hussar
32:00 Pikeman
33:40 Crop Rotation
34:55 Chemistry
34:27 Forging
34:19 Scale Mail Armor
35:48 Parthian Tactics
36:08 Elite Skirmisher
37:42 Ballistics
37:03 Treadmill Crane
37:21 Murder Holes
39:15 Iron Casting
38:32 Fletching
38:42 Padded Archer Armor
38:58 Chain Mail Armor
38:49 Scale Barding Armor
40:04 Thumb Ring
44:17 Blast Furnace
43:38 Chain Barding Armor
48:10 Conscription
48:17 Ming Guang Armor
50:25 Bodkin Arrow
50:45 Leather Archer Armor
53:14 Bracer
OTSNK_ntujaychou
3:31 Loom
11:53 Feudal Age
13:22 Wheelbarrow
16:27 Castle Age
15:23 Horse Collar
15:43 Double-Bit Axe
17:03 Town Watch
17:58 Bow Saw
18:27 Gold Mining
18:45 Heavy Plow
21:11 Stone Mining
24:15 Hand Cart
29:55 Kshatriyas
31:01 Gold Shaft Mining
31:01 Stone Shaft Mining
31:12 Stone Shaft Mining
34:30 Imperial Age
34:37 Husbandry
34:47 Bloodlines
34:00 Light Cavalry
35:35 Conscription
36:51 Hoardings
36:18 Hussar
37:10 Fletching
37:35 Forging
37:17 Hussar
38:18 Bodkin Arrow
38:25 Padded Archer Armor
38:31 Scale Barding Armor
38:44 Fortified Wall
38:56 Ballistics
39:37 Chemistry
38:18 Treadmill Crane
38:49 Masonry
38:09 Elite Skirmisher
38:57 Thumb Ring
39:34 Crop Rotation
40:44 Bracer
41:21 Iron Casting
41:06 Chain Barding Armor
41:02 Leather Archer Armor
40:22 Hussar
44:30 Elite Shrivamsha Rider
48:38 Plate Barding Armor
63:07 Elite Elephant Archer
G!N0 C@$!N0
10:58 Feudal Age
11:55 Double-Bit Axe
11:52 Horse Collar
13:37 Gold Mining
14:55 Stone Mining
19:18 Castle Age
20:59 Gold Shaft Mining
21:06 Wheelbarrow
20:34 Heavy Plow
20:59 Loom
25:55 Hand Cart
26:02 Bow Saw
25:51 Pikeman
27:14 Ballistas
28:19 Caravan
29:08 Squires
29:54 Ballistics
29:30 Murder Holes
34:34 Imperial Age
31:49 Man-at-Arms
34:37 Capped Ram
35:08 Heavy Scorpion
35:59 Siege Engineers
36:55 Chemistry
36:30 Crop Rotation
37:02 Conscription
36:05 Long Swordsman
37:13 Halberdier
39:22 Legionary
43:04 Fervor
50:49 Siege Ram
55:05 Fletching
55:26 Forging
55:16 Scale Mail Armor
55:21 Scale Barding Armor
55:28 Masonry
55:29 Fortified Wall
61:05 Comitatenses
69:46 Spies/Treason
calvindukelb
7:49 Loom
17:30 Feudal Age
21:13 Wheelbarrow
20:25 Town Watch
24:40 Castle Age
23:33 Wheelbarrow
22:46 Town Watch
23:11 Gold Mining
23:11 Stone Mining
23:12 Double-Bit Axe
25:40 Horse Collar
26:37 Gold Shaft Mining
26:38 Stone Shaft Mining
31:56 Caravan
32:27 Coinage
33:49 Forging
33:40 Scale Mail Armor
33:46 Scale Barding Armor
33:42 Padded Archer Armor
33:32 Fletching
34:08 Stirrups
35:31 Squires
35:18 Arson
39:22 Elite Skirmisher
40:19 Pikeman
43:12 Bow Saw
45:23 Gambesons
54:21 Hand Cart
54:08 Town Patrol
Connection lost

Rejoining the realm…

Still unreachable

The connection could not be restored.

Session expired

The server has moved on; the page needs a fresh start.